Map: Bridgehead LE (Void)

Players

wabbajack

  • Race: Zerg Zerg
  • League: Gold

Logan - Winner!

  • Race: Terran Terran
  • League: Bronze

VOD

Have the link to the VOD?

Description

Time

  • Played on: July 20, 2015, 6:23 p.m.
  • Length: 7:27
Show
View Real Time Build Order
Export as new Build Order

wabbajack Zerg 

Build Orders: Hatch First 

Get SALT Encoding   

  12  0:01  Drone  
  13  0:14  Overlord  
  13  0:20  Drone  
  14  0:24  Drone, Extractor  
  15  0:34  Drone  
  16  0:37  Drone  
  17  0:55  Hatchery  
  16  1:01  Drone, Extractor  
  16  1:02  Drone  
  17  1:16  Spawning Pool  
  16  1:24  Drone x2  
  18  1:30  Drone  
  19  1:42  Drone  
  20  1:51  Overlord  
  20  2:03  Queen  
  20  2:06  Metabolic Boost  
  20  2:08  Queen  
  22  2:12  Zergling x2  
  22  2:14  Drone  
  26  2:15  Drone  
  27  2:23  Drone  
  28  2:39  Spine Crawler  
  27  2:44  Pneumatized Carapace  
  27  2:52  Zergling x6  
  27  2:55  Zergling x2  
  31  3:02  Overlord  
  31  3:11  Baneling Nest  
  30  3:24  Zergling x12  
  30  3:25  Zergling x4  
  30  3:26  Zergling x4  
  30  3:27  Zergling x4  
  42  3:50  Overlord x2  
  42  4:06  Hatchery  
  41  4:41  Zergling x18  
  41  4:42  Zergling x8  
  42  5:22  Queen  
  42  5:24  Drone  
  42  5:25  Drone x6  
  51  5:32  Baneling x4  
  51  5:33  Baneling x3  
  51  5:36  Baneling  
  41  6:31  Overlord  
  39  6:35  Zergling x16  
  39  6:36  Roach Warren  
  42  6:44  Spine Crawler x2  
Show
View Real Time Build Order
Export as new Build Order

Logan Terran - Winner!

Build Orders:  

Get SALT Encoding   

  12  0:02  SCV  
  13  0:15  SCV  
  14  0:22  Supply Depot  
  14  0:27  SCV  
  15  0:51  Barracks  
  15  0:54  SCV  
  16  0:58  Refinery  
  16  1:06  SCV  
  17  1:18  SCV  
  17  1:23  Supply Depot  
  18  1:30  SCV  
  19  1:42  SCV  
  19  1:44  Marine  
  21  1:50  Supply Depot  
  21  1:55  Orbital Command  
  21  2:06  Marine  
  21  2:07  Command Center  
  22  2:25  SCV  
  22  2:26  Factory  
  22  2:28  Marine  
  24  2:40  SCV  
  25  2:46  Marine  
  25  2:49  Barracks  
  27  2:58  SCV  
  27  3:19  Factory Reactor  
  27  3:20  Armory  
  27  3:21  Marine  
  28  3:27  Refinery  
  28  3:28  SCV  
  28  3:31  Orbital Command  
  29  3:37  Marine  
  29  3:38  Barracks  
  29  3:39  Marine  
  29  3:40  SCV  
  32  3:49  Engineering Bay  
  32  3:52  SCV  
  33  3:59  Supply Depot  
  33  4:00  SCV  
  34  4:04  SCV, Marine x2  
  34  4:06  Hellion  
  34  4:08  Hellion  
  41  4:12  SCV  
  41  4:16  SCV  
  43  4:22  Marine x2  
  43  4:24  SCV  
  46  4:27  Hellion  
  46  4:28  SCV  
  46  4:29  Hellion, Marine  
  52  4:40  Marine x2  
  54  4:47  Marine  
  48  4:58  Hellion x2  
  39  5:11  SCV x2, Supply Depot  
  41  5:23  SCV x2  
  43  5:35  SCV x2  
  45  5:39  Marine x3  
  45  5:42  Hellion x2  
  52  5:47  SCV x2  
  54  5:50  Supply Depot  
  54  5:59  SCV, Marine x3  
  54  6:03  Hellion x2  
  41  6:52  Hellion  
  41  6:53  Hellion  
  45  6:55  Marine  
  45  6:56  Marine x2  
Tags
 
Add a new tag
Caveats
  • Supply blocks, unpowered buildings, or Contaminate may cause inaccurate times.
  • Supply counts are checked every 10 seconds.